 Dungeon Crawl Stone Soup version 0.28-a0-1087-gf3fc490d9d (webtiles) character file.

Game seed: 6231738766576537113

45 ytrimaz the Insei (level 3, -3/23 HPs)
             Began as an Octopode Transmuter on Dec 10, 2021.
             Slain by Sigmund (9 damage)
             ... on level 2 of the Dungeon.
             The game lasted 00:01:10 (1391 turns).

ytrimaz the Insei (Octopode Transmuter)             Turns: 1391, Time: 00:01:10

Health: -3/23      AC:  2    Str:  9    XL:     3   Next: 64%
Magic:  2/6        EV: 19    Int: 17    God:
Gold:   12         SH:  0    Dex: 17    Spells: 0/6 levels left

rFire   . . .      SeeInvis .     - Unarmed
rCold   . . .      Faith    .   (shield currently unavailable)
rNeg    . . .      Spirit   .   (helmet currently unavailable)
rPois   x          Reflect  .   (no amulet)
rElec   .          Harm     .   (no ring)
rCorr   .          Rampage  .   (no ring)
Will    .....                   (no ring)
Stlth   ++........              (no ring)
HPRegen 0.07/turn               (no ring)
MPRegen 0.10/turn               (no ring)
                                (no ring)
                                (no ring)

@: lethally poisoned (-3 -> -30), spider-form (expiring), wereblooded
A: venomous fangs, almost no armour, (amphibious), 8 rings, tiny, (camouflage
1), (gelatinous body 1), (nimble swimmer 1), (tentacles)
a: End Transformation


You were on level 2 of the Dungeon.
You were a venomous arachnid creature.
You visited 1 branch of the dungeon, and saw 2 of its levels.

You collected 12 gold pieces.

Inventory:

Potions
 a - a potion of heal wounds
 b - a potion of flight {unknown}
 c - a potion of lignification {unknown}
 d - a potion of degeneration {unknown}
 f - a potion of attraction {unknown}
 g - a potion of invisibility {unknown}


   Skills:
 * Level 1.5 Fighting
 - Level 2.0 Dodging
 + Level 3.5 Unarmed Combat
 * Level 2.4 Spellcasting
 * Level 2.6 Transmutations


You couldn't memorise any spells.
You knew the following spells:

 Your Spells              Type           Power      Damage    Failure   Level
a - Beastly Appendage     Tmut           20%        N/A       17%         1
b - Wereblood             Tmut           10%        N/A       24%         2
c - Spider Form           Tmut/Pois      6%         N/A       54%         3

Your spell library contained the following spells:

 Spells                   Type           Power      Damage    Failure   Level
 Ice Form                 Ice/Tmut       6%         N/A       87%         4


Dungeon Overview and Level Annotations

Branches:
Dungeon (2/15)

Altars:

Annotations:
D:2 1 runed translucent door, Crazy Yiuf, Sigmund


Innate Abilities, Weirdness & Mutations

You are a venomous arachnid creature.
You have poisonous fangs.
You are tiny and dextrous.
Your spellcasting is less reliable in this form.
Your armour is entirely melded.
You are incapable of wielding weapons or throwing items.
You cannot wear most types of armour.
((You are amphibious.))
You can wear up to eight rings at the same time.
((Your skin changes colour to match your surroundings (Stealth+).))
((Your rubbery body absorbs attacks. (AC +1, EV +1)))
((You are camouflaged near water. (Stealth+)))
((You have tentacles for arms and can constrict up to eight enemies at once.))


Message History

Unknown command.
Casting: Wereblood (safe; 10% risk of failure)
Confirm with . or Enter, or press ? or * to list all spells.
The spell is extremely dangerous to miscast (32% risk of failure)!
Continue anyway?
Okay, then.
You closely miss the goblin. You grab the goblin. You constrict the goblin.
The goblin hits you with a +0 dagger.
You barely miss the goblin.
The goblin is heavily wounded.
You constrict the goblin.
You feel a bit better.
You kill the goblin!
The bat barely misses you. The bat hits you.
Unknown command.
You miss the bat. Your grab misses the bat.
The bat hits you but does no damage. The bat closely misses you.
Casting: Spider Form (extremely dangerous; 32% risk of failure)
Confirm with . or Enter, or press ? or * to list all spells.
The spell is extremely dangerous to miscast (32% risk of failure)!
Continue anyway?
You turn into a venomous arachnid creature.
The bat closely misses you.
Unknown command.
You bite the bat!
You feel a bit better.
You kill the bat!
Something closely misses you.
Your transformation is almost over.
You see here a bat corpse.
No target in view!
No target in view!
You hear some strange, mumbled words.
A puff of flame appears from out of thin air!
The puff of flame hits you.
You see here a +0 dagger.
You hiss as the wereblood boils in your veins!
Something hits you.
You are lethally poisoned!
You bite something!
* * * LOW HITPOINT WARNING * * *
You feel extremely sick. Something hits you!
You die...

...###....#
#..............
....##....#
#..^.......##
.....#....###......<...#
.......................#
....##......#..........#
..........#.##........##
......................#
..####....#....#####..#
#.# ######....†s)# ..#
..# #....##.# ... .##
#....##... ..#
#....####..# ..# #....#
.... #.# ####.. .... .#
.... .##. # .#... # ..
.{#.


There were no monsters in sight!

Vanquished Creatures
  5 bats
  7 endoplasms (D:1)
  A giant cockroach (D:2)
  4 goblins
  8 hobgoblins
  3 jackals (D:1)
  2 quokkas (D:1)
  3 ball pythons (D:1)
  2 frilled lizards (D:1)
  A kobold (D:1)
  A rat (D:1)
37 creatures vanquished.

Notes
Turn   | Place    | Note
-------+----------+-------------------------------------------
     0 | D:1      | ytrimaz the Octopode Transmuter began the quest for the
                  | Orb.
     0 | D:1      | Reached XP level 1. HP: 13/13 MP: 3/3
   134 | D:1      | Reached XP level 2. HP: 14/18 MP: 5/5
   206 | D:1      | Learned a level 2 spell: Wereblood
   316 | D:1      | Found a faded altar of an unknown god.
   470 | D:1      | Reached XP level 3. HP: 8/23 MP: 6/6
   474 | D:1      | Learned a level 3 spell: Spider Form
  1309 | D:2      | Found a runed translucent door.
  1310 | D:2      | Noticed Crazy Yiuf
  1374 | D:2      | Noticed Sigmund
  1391 | D:2      | Slain by Sigmund

Illustrated notes

Levels and vault maps discovered:
D:1:      dpeg_arrival_round_b, layout_basic, basic_ecumenical_altar,
          palyth_stone_intersect
D:2:      layout_rooms, minmay_misc_feat_encased, kennysheep_decorative_pillar,
          minmay_misc_feat_tower, uniq_crazy_yiuf_cottage, uniq_sigmund,
          uniq_jessica

Action                   || total
-------------------------++-------
Melee: Unarmed           ||    75
       Constrict         ||    21
       Tentacles         ||    13
       Kick              ||     6
       Punch             ||     1
 Cast: Beastly Appendage ||    12
       Spider Form       ||     1
       Wereblood         ||     1
  Use: Scroll            ||     3
 Stab: Sleeping          ||     5
Armor: Skin              ||    13
Dodge: Dodged            ||    52

Table legend: (Time is in decaauts)
 A = Elapsed time spent in this place.
 B = Non-inter-level travel time spent in this place.
 C = Inter-level travel time spent in this place.
 D = Time resting spent in this place.
 E = Time spent auto-exploring this place.
 F = Levels seen in this place.
 G = Mean time per level.
                   A        B        C        D        E       F      G
               +--------+--------+--------+--------+--------+-----+--------+
         Total |   1386 |   1376 |     10 |      0 |   1144 |   2 |  693.0 |
       Dungeon |   1386 |   1376 |     10 |      0 |   1144 |   2 |  693.0 |
               +--------+--------+--------+--------+--------+-----+--------+

Top non-repeatable levels by time:
     D:1: 1257 daAuts
     D:2: 128 daAuts
